 Dungeon Crawl Stone Soup version 0.20-a0-945-g3bf614a (webtiles) character file.

1577 esteth the Cleaver (level 8, 0/96 HPs)
             Began as a Minotaur Fighter on Mar 31, 2017.
             Was a Follower of Okawaru.
             Slain by an orc warrior
             ... wielding a +0 trident
              (2 damage)
             ... on level 6 of the Dungeon on Apr 1, 2017.
             The game lasted 00:12:56 (4560 turns).

esteth the Cleaver (Minotaur Fighter)               Turns: 4560, Time: 00:12:56

Health: 0/96       AC: 24    Str: 21    XL:     8   Next: 60%
Magic:  16/16      EV:  2    Int: 10    God:    Okawaru [*.....]
Gold:   317        SH:  4    Dex: 12    Spells: 7/7 levels left

rFire    . . .     SeeInvis .   a - +0 war axe
rCold    . . .     Gourm    .   w - +0 buckler
rNeg     + + +     Faith    .   (armour currently unavailable)
rPois    +         Spirit   .   (helmet currently unavailable)
rElec    .         Reflect  .   (cloak currently unavailable)
rCorr    .         Harm     .   (gloves currently unavailable)
MR       .....     Clarity  +   (boots currently unavailable) Stlth ++........NoTele +
                                t - amulet of magic regeneration
Regen    0.3/turn               o - ring of stealth
MPRegen  0.3/turn               d - ring of magical power

@: brilliant, tree-form
A: (retaliatory headbutt), (horns 0), clarity, evolution 1
a: Heroism, Renounce Religion


You were on level 6 of the Dungeon.
You worshipped Okawaru.
Okawaru was aware of your devotion.
You were hungry.
You were a tree.
You visited 2 branches of the dungeon, and saw 7 of its levels.

You collected 317 gold pieces.

Inventory:

Hand Weapons
 a - a +0 war axe (weapon)
 r - a +0 blowgun
Missiles
 s - 13 poisoned needles
Armour
 b - a +0 scale mail (melded)
 c - a +0 shield
 w - a +0 buckler (worn)
 z - a +0 pair of gloves (melded)
Jewellery
 d - a ring of magical power (right branch)
 o - a ring of stealth (left branch)
 t - an amulet of magic regeneration (around neck)
 x - an uncursed ring of protection from cold
Wands
 n - a wand of acid (12/15)
 B - a wand of lightning (6/15)
Scrolls
 g - 3 scrolls of enchant weapon {unknown}
 h - 2 scrolls of teleportation {unknown}
 j - 9 scrolls of identify {unknown}
 k - 3 scrolls of remove curse
 y - a scroll of fog {unknown}
Potions
 i - a potion of mutation
 u - a potion of lignification
 v - a potion of agility
Comestibles
 f - 2 bread rations
 l - 3 meat rations
 p - 3 fruits
 q - a royal jelly


   Skills:
 - Level 3.6 Fighting
 + Level 11.7 Axes
 - Level 4.4 Throwing
 - Level 3.6 Armour
 - Level 3.6 Shields


You had 7 spell levels left.
You didn't know any spells.

Dungeon Overview and Level Annotations

Branches:
Dungeon (6/15)             Temple (1/1) D:5

Altars:
Ashenzari
Cheibriados
Elyvilon
Fedhas
Gozag
Hepliaklqana
Kikubaaqudgha
Makhleb
Nemelex Xobeh
Okawaru
Qazlal
Ru
Sif Muna
Trog
Uskayaw
Vehumet
Wu Jian
Xom
The Shining One


Innate Abilities, Weirdness & Mutations

((You reflexively headbutt those who attack you in melee.))
((You have a pair of horns on your head.))
You possess an exceptional clarity of mind.
You evolve.


Message History

A giant cockroach comes into view.
The orc warrior zaps a wand.
You shrug off the repeated paralysis!
The orc warrior barely misses you.
You can move again.
Okay, then.
You turn into a tree.
Your +0 pair of gloves melds into your body.
Your +0 scale mail melds into your body.
Your roots penetrate the ground.
The orc warrior hits you from afar with a trident!
* * * LOW HITPOINT WARNING * * *
As you read the scroll labeled MOUBEU FALEYNT, it crumbles to dust.
You feel blessed for a moment.
It was a scroll of remove curse.
The orc warrior zaps a wand.
You resist with some effort.
As you read the scroll labeled ATASHR KEPYACW, it crumbles to dust.
It is a scroll of recharging.
Charge which item? (? for menu, Esc to quit)
Your wand of acid (?/15) glows for a moment.
The orc warrior hits you from afar with a trident.
You die...

.# O# .# ####.# ..#.#
#.#.#
####################o#o#
......s♣.oooaoo[.[..oo)#
####################o#..
#.......# #.#..
#.#####.# #.##. #.# #.#
#.##. #.# #.###.##. #.#
#........
#.#######......
#.........._..#


You could see an orc warrior, a worker ant, an orc priest, 3 orcs and a giant
cockroach.

Vanquished Creatures
  A two-headed ogre (D:6)
  2 ogres
  3 phantoms
  A centaur (D:6)
  2 howler monkeys
  2 crimson imps
  A hound (D:6)
  An orc priest (D:6)
  2 orc wizards (D:6)
  An iguana (D:6)
  A hound skeleton (D:5)
  A worker ant zombie (D:6)
  A gnoll (D:3)
  3 adders
  3 shadow imps
  An adder skeleton (D:5)
  A worm (D:1)
  A dart slug (D:3)
  2 leopard geckos
  7 orcs
  4 giant cockroaches
  8 hobgoblins
  6 jackals
  8 kobolds
  2 quokkas
  A ball python (D:1)
  5 bats
  5 frilled lizards
  9 goblins
  A leopard gecko skeleton (D:4)
  A quokka skeleton (D:5)
  8 rats
95 creatures vanquished.

Notes
Turn   | Place    | Note
-------+----------+-------------------------------------------
     0 | D:1      | esteth the Minotaur Fighter began the quest for the Orb.
     0 | D:1      | Reached XP level 1. HP: 19/19 MP: 0/0
   247 | D:1      | Reached skill level 3 in Axes
   376 | D:1      | Reached XP level 2. HP: 24/26 MP: 1/1
  1017 | D:2      | Reached skill level 4 in Axes
  1131 | D:2      | Reached XP level 3. HP: 22/31 MP: 2/2
  1770 | D:3      | Found an opulent altar of Gozag.
  1783 | D:3      | Reached skill level 5 in Axes
  2035 | D:3      | Reached XP level 4. HP: 37/39 MP: 3/3
  2059 | D:3      | Found a blossoming altar of Fedhas.
  2406 | D:4      | Reached skill level 1 in Throwing
  2567 | D:4      | Reached XP level 5. HP: 39/45 MP: 4/4
  2571 | D:4      | Noticed an ogre
  2574 | D:4      | Noticed a phantom
  2592 | D:4      | Killed an ogre
  2613 | D:4      | Killed a phantom
  2613 | D:4      | Reached XP level 6. HP: 46/51 MP: 5/5
  2667 | D:4      | Reached skill level 6 in Axes
  2704 | D:4      | Found a burning altar of Makhleb.
  2705 | D:4      | Found a shimmering altar of Xom.
  2714 | D:4      | Paralysed by a crimson imp for 3 turns
  3134 | D:4      | Found a stormy altar of Qazlal.
  3134 | D:4      | Found a white marble altar of Elyvilon.
  3139 | D:4      | Found a faded altar of an unknown god.
  3141 | D:4      | Found a hide-covered altar of Uskayaw.
  3142 | D:4      | Found a snail-covered altar of Cheibriados.
  3219 | D:5      | Entered Level 5 of the Dungeon
  3273 | D:5      | Found a hazy altar of Hepliaklqana.
  3439 | D:5      | Reached skill level 7 in Axes
  3604 | D:5      | Reached XP level 7. HP: 57/57 MP: 6/6
  4149 | D:5      | Found a staircase to the Ecumenical Temple.
  4155 | Temple   | Entered the Ecumenical Temple
  4215 | Temple   | Became a worshipper of Warmaster Okawaru
  4275 | D:6      | Found a burning altar of Makhleb.
  4305 | D:6      | Reached skill level 8 in Axes
  4477 | D:6      | Noticed a two-headed ogre
  4497 | D:6      | Killed a two-headed ogre
  4497 | D:6      | Reached * piety under Okawaru
  4497 | D:6      | Reached skill level 11 in Axes
  4497 | D:6      | Reached XP level 8. HP: 25/64 MP: 7/7
  4510 | D:6      | Gained mutation: You possess an exceptional clarity of mind. [potion of mutation]
  4510 | D:6      | Gained mutation: You evolve. [potion of mutation]
  4544 | D:6      | Upgraded the game from 0.20-a0-941-gba1b1f9 to 0.20-a0-945-g3bf614a
  4552 | D:6      | Paralysed by an orc warrior for 6 turns
  4558 | D:6      | HP: 1/96 [orc warrior/trident (9)]
  4560 | D:6      | Slain by an orc warrior

Vault maps used:
D:1:      tarquinn_simple_flora_water_d
D:2:      first_bread
D:3:      lemuel_crystal_altar, old_standard_altar
D:4:      grunt_temple_overflow_champion_of_chaos,
          chequers_temple_overflow_minitemple
D:5:      kennysheep_mini, minmay_temple_entry_enclosed_plants
D:6:      basic_altar
Temple:   compressed_dpeg_circular_temple

Skill      XL: |  1  2  3  4  5  6  7 |
---------------+----------------------+-----
Axes           | 3 4 5 7 11 | 11.7
Throwing       | 2 4 |  4.4
Fighting       | |  3.6
Armour         | |  3.6
Shields        | |  3.6

Action                   |  1- 3 |  4- 6 |  7- 9 || total
-------------------------+-------+-------+-------++-------
Melee: War axe           |    93 |    87 |    80 ||   260
       Headbutt          |    16 |    13 |    16 ||    45
 Fire: Blowgun           |       |     4 |       ||     4
Invok: Heroism           |       |       |     1 ||     1
Evoke: Wand              |       |       |     1 ||     1
  Use: Potion            |       |     2 |     5 ||     7
       Scroll            |       |       |     2 ||     2
  Eat: Chunk             |     4 |     5 |     2 ||    11
Armor: Scale mail        |    50 |    35 |    19 ||   104
       Skin              |       |       |    10 ||    10
Dodge: Dodged            |    35 |    31 |    24 ||    90
Block: Shield            |    53 |    10 |       ||    63
       Buckler           |       |     7 |    13 ||    20
